 Dungeon Crawl Stone Soup version 0.20-a0-893-g832831a (webtiles) character file.

22 4thArraOfDagon the Skirmisher (level 2, -3/24 HPs)
             Began as a Mummy Chaos Knight on Mar 16, 2017.
             Slain by a hobgoblin (4 damage)
             ... on level 2 of the Dungeon.
             The game lasted 00:01:02 (241 turns).

4thArraOfDagon the Skirmisher (Mummy Chaos Knight)   Turns: 241, Time: 00:01:02

Health: -3/24      AC:  5    Str: 15    XL:     2   Next: 68%
Magic:  2/2        EV: 11    Int: 11    God:    Xom [..*...]
Gold:   6          SH:  0    Dex: 11    Spells: 1/1 levels left

rFire    x . .     SeeInvis .   a - +0 falchion (chaos)
rCold    + . .     Gourm    .   b - +2 leather armour
rNeg     + + +     Faith    .   (no shield)
rPois    ∞         Spirit   .   (no helmet)
rElec    .         Reflect  .   (no cloak)
rCorr    .         Harm     .   (no gloves)
MR       .....                  (no boots)
Stlth    +.........             (no amulet)
Regen    0.1/turn               (no ring)
MPRegen  0.1/turn               (no ring)

@: no status effects
A: no food or potions, fire vulnerability, cold resistance 1, negative energy
resistance 3, torment resistance, unbreathing
a: Renounce Religion


You were on level 2 of the Dungeon.
You worshipped Xom.
You were a toy of Xom.
You were not hungry.

You visited 1 branch of the dungeon, and saw 2 of its levels.

You collected 6 gold pieces.

Inventory:

Hand Weapons
 a - a +0 falchion of chaos (weapon)
Armour
 b - a +2 leather armour (worn)
 f - a +0 ring mail
Scrolls
 c - 2 scrolls of noise {unknown}
 d - a scroll of remove curse {unknown}
 e - a scroll of recharging {unknown}


   Skills:
 + Level 3.4 Fighting
 * Level 2.7 Long Blades
 + Level 1.8 Armour
 + Level 1.0 Dodging


You had one spell level left.
You didn't know any spells.

Dungeon Overview and Level Annotations

Branches:
Dungeon (2/15)

Altars:


Innate Abilities, Weirdness & Mutations

You do not eat or drink.
Your flesh is vulnerable to fire.
You are immune to poison.
Your flesh is cold resistant. (rC+)
You are immune to negative energy. (rN+++)
You are immune to unholy pain and torment.
You can survive without breathing.


Message History

You barely miss the hobgoblin. The hobgoblin misses you.
You closely miss the hobgoblin. The hobgoblin barely misses you.
You riposte.
You hit the hobgoblin.
The hobgoblin flickers and vanishes!
Deactivating autopickup; reactivate with Ctrl-A.
Xom is highly amused!
You miss something. Something hits you but does no damage.
You barely miss something. Something hits you.
You closely miss something. Something hits you but does no damage.
You miss something.
Something hits you but does no damage. x2
You barely miss something. Something hits you but does no damage.
You barely miss something. Something hits you but does no damage.
You closely miss something. Something hits you.
* * * LOW HITPOINT WARNING * * *
Your leather armour prevents you from hitting something.
Something hits you.
* * * LOW HITPOINT WARNING * * *
You barely miss something. Something hits you.
* * * LOW HITPOINT WARNING * * *
Something hits you.
You die...

.##..#.#####..#
......g.>..#..##
.......###.....#####.#
.###.## #.#...<.....#
#...# #.....####..#
#.... #.#..## ...
#.##.####
#####.###{.......
#.......@†...####
#.###.######.# #. .#
#. . #. # #. #. #.


There were no monsters in sight!

Vanquished Creatures
  An ooze (D:2)
  A giant cockroach (D:1)
  2 goblins (D:1)
  4 hobgoblins
  4 bats
  4 kobolds (D:1)
  2 rats (D:1)
18 creatures vanquished.

Notes
Turn   | Place    | Note
-------+----------+-------------------------------------------
     0 | D:1      | 4thArraOfDagon the Mummy Chaos Knight began the quest for the Orb.
     0 | D:1      | Reached XP level 1. HP: 18/18 MP: 1/1
    89 | D:1      | Reached skill level 1 in Dodging
    89 | D:1      | Reached XP level 2. HP: 15/24 MP: 2/2
   201 | D:2      | XOM: noise
   241 | D:2      | HP: 1/24 [something (2)]
   241 | D:2      | Slain by a hobgoblin

Vault maps used:
D:1:      roderic_chinese_lattice_arrival, serial_forest,
          infiniplex_forest_clump_cross, infiniplex_forest_straight_2,
          infiniplex_forest_straight_5, infiniplex_forest_lined_2,
          infiniplex_forest_lined_3, infiniplex_forest_lined_3,
          infiniplex_forest_lined_2, infiniplex_forest_clump_curved
D:2:      old_standard_altar

Skill      XL: |  1 |
---------------+----+-----
Dodging        | 1 |  1.0
Fighting       | |  3.4
Long Blades    | |  2.7
Armour         | |  1.8

Action                   || total
-------------------------++-------
Melee: Falchion          ||    64
Armor: Leather armour    ||    28
Dodge: Dodged            ||    35
       Rpst.: Falchion   ||    11
